 Dungeon Crawl Stone Soup version 0.27-a0-1090-gb115f176c6 (webtiles) character file.

Game seed: 4085817755558340169

41 scammafunk the Skirmisher (level 3, -3/33 HPs)
             Began as a Hill Orc Monk on Apr 27, 2021.
             Was a Priest of Zin.
             Slain by Natasha (8 damage)
             ... on level 2 of the Dungeon.
             The game lasted 00:04:13 (1665 turns).

scammafunk the Skirmisher (Hill Orc Monk)           Turns: 1665, Time: 00:04:14

Health: -3/33      AC:  2    Str: 15    XL:     3   Next: 52%
Magic:  1/3        EV: 12    Int: 11    God:    Zin [***...]
Gold:   27         SH:  0    Dex: 14    Spells: 2/2 levels left

rFire    . . .     SeeInvis .   a - +0 falchion
rCold    . . .     Faith    .   (no shield)
rNeg     . . .     Spirit   .   b - +0 robe
rPois    ∞         Reflect  .   (no helmet)
rElec    .         Harm     .   (no cloak)
rCorr    .         Rampage  .   (no gloves)
Will     .....                  (no boots)
Stlth    ++........             (no amulet)
HPRegen  0.11/turn              (no ring)
MPRegen  0.08/turn              (no ring)

@: vitalised, on recite cooldown, slowed, very slow
A: no striking features
a: Renounce Religion, Recite, Vitalisation, Imprison, Donate Gold


You were on level 2 of the Dungeon.
You worshipped Zin.
Zin was most pleased with you.
You visited 1 branch of the dungeon, and saw 2 of its levels.

You collected 50 gold pieces.
You donated 23 gold pieces to Zin.

Inventory:

Hand Weapons
 a - a +0 falchion (weapon)
Armour
 b - a +0 robe (worn)
Scrolls
 c - a scroll of immolation {unknown}
 e - a scroll of teleportation
Potions
 d - a potion of ambrosia {unknown}


   Skills:
 + Level 4.1 Fighting
 + Level 3.9 Long Blades
 + Level 0.2 Armour
 - Level 2.7 Dodging
 - Level 1.8 Stealth
 + Level 0.5 Invocations


You had 2 spell levels left.
You didn't know any spells.
Your spell library was empty.

Dungeon Overview and Level Annotations

Branches:
Dungeon (2/15)

Altars:
Zin

Annotations:
D:2 Natasha


Message History

You are too injured to fight recklessly!
You are too injured to fight recklessly!
You are too injured to fight recklessly!
You are too injured to fight recklessly!
You are too injured to fight recklessly!
You are too injured to fight recklessly!
You are too injured to fight recklessly!
You are too injured to fight recklessly!
You are too injured to fight recklessly!
You are too injured to fight recklessly!
You are too injured to fight recklessly!
You are too injured to fight recklessly!
You are too injured to fight recklessly!
You are too injured to fight recklessly!
You closely miss Natasha. The bat barely misses you.
You riposte.
You closely miss the bat. The bat hits you but does no damage.
Natasha claws you.
The kobold throws a stone.
The stone hits you but does no damage.
You clear your throat and prepare to recite. "Zin descended from on high in a silver chariot..."
The bat barely misses you. Natasha claws you!
* * * LOW HITPOINT WARNING * * *
Zin grants you divine stamina. "...to rebuke the amorphous wretches for their..."
The kobold is dazed by your recitation.
The kobold shouts!
The bat hits you but does no damage. Natasha casts a spell at you.
You feel yourself slow down.
The kobold is lost in a daze.
The bat closely misses you.
You riposte.
You completely miss the bat. You hit Natasha.
Natasha is moderately wounded. "...discord, and thus judgement was rendered."
You finish reciting Apostates 26:54.
The bat closely misses you. The bat hits you.
* * * LOW HITPOINT WARNING * * *
Natasha barely misses you.
The kobold is lost in a daze.
The bat barely misses you. The kobold misses you.
You riposte.
You miss the kobold. Natasha claws you!
You die...

#.......#...#
##.....######
##.††##....#
#######+#######'##..##.#
...................###.#
............)......# #..
...................# ##.
######'#######'######.#
#.@b# ##...## #...
#..hK.###..)..###..#
#.......#.......##...
#.......#.......##..#
#...?...#.......##...
##.....###.....###..#
##...## ##...##.....
##### #####.##### #####


You could see Natasha, a bat and a kobold (dazed).

Vanquished Creatures
  5 ball pythons
  2 endoplasms
  3 giant cockroaches
  8 goblins
  A hobgoblin (D:1)
  4 jackals (D:2)
  3 quokkas
  3 bats
  A frilled lizard (D:1)
  A kobold (D:1)
  2 rats
33 creatures vanquished.

Notes
Turn   | Place    | Note
-------+----------+-------------------------------------------
     0 | D:1      | scammafunk the Hill Orc Monk began the quest for the Orb.
     0 | D:1      | Reached XP level 1. HP: 19/19 MP: 1/1
   215 | D:1      | Reached XP level 2. HP: 27/27 MP: 2/2
   247 | D:1      | Found a faded altar of an unknown god.
   252 | D:1      | Became a worshipper of Zin the Law-Giver
   252 | D:1      | Reached * piety under Zin
   252 | D:1      | Reached ** piety under Zin
   300 | D:1      | Donated 6 gold pieces to Zin
   512 | D:1      | Reached *** piety under Zin
   517 | D:1      | Donated 12 gold pieces to Zin
   923 | D:1      | Upgraded the game from 0.27-a0-1084-g78b3836a5f to
                  | 0.27-a0-1090-gb115f176c6
   959 | D:2      | Reached skill level 4 in Fighting
   968 | D:2      | Reached XP level 3. HP: 31/33 MP: 3/3
  1658 | D:2      | Noticed Natasha
  1665 | D:2      | Slain by Natasha

Illustrated notes

Levels and vault maps discovered:
D:1:      evilmike_arrival_rings, layout_basic, basic_ecumenical_altar
D:2:      kennysheep_six_static_rooms, layout_loops_ring, hex_medium,
          kennysheep_nondescript, minmay_crystal_water, st_stairs_3,
          kennysheep_generic_room_7, uniq_jessica, uniq_natasha

Skill      XL: |  1  2 |
---------------+-------+-----
Fighting       | 4 |  4.1
Long Blades    | |  3.9
Armour         | |  0.2
Dodging        | |  2.7
Stealth        | |  1.8
Invocations    | |  0.5

Action                   || total
-------------------------++-------
Melee: Falchion          ||    85
Invok: Donate Gold       ||     2
       Recite            ||     1
       Vitalisation      ||     1
  Use: Potion            ||     4
       Scroll            ||     2
 Stab: Sleeping          ||     4
Armor: Robe              ||    21
Dodge: Dodged            ||    82
       Rpst.: Falchion   ||    29

Table legend: (Time is in decaauts)
 A = Elapsed time spent in this place.
 B = Non-inter-level travel time spent in this place.
 C = Inter-level travel time spent in this place.
 D = Time resting spent in this place.
 E = Time spent auto-exploring this place.
 F = Levels seen in this place.
 G = Mean time per level.
                   A        B        C        D        E       F      G
               +--------+--------+--------+--------+--------+-----+--------+
         Total |   1659 |   1652 |      7 |      0 |   1389 |   2 |  829.5 |
       Dungeon |   1659 |   1652 |      7 |      0 |   1389 |   2 |  829.5 |
               +--------+--------+--------+--------+--------+-----+--------+

Top non-repeatable levels by time:
     D:1: 936 daAuts
     D:2: 722 daAuts
